 Dungeon Crawl Stone Soup version 0.21-a0-440-g28109cb (webtiles) character file.

111 Deathtrap2010 the Chopper (level 4, -6/36 HPs)
             Began as a Demonspawn Fighter on Nov 11, 2017.
             Killed by divine providence
             ... invoked by an orc priest
              (8 damage)
             ... on level 3 of the Dungeon.
             The game lasted 00:06:48 (1966 turns).

Deathtrap2010 the Chopper (Demonspawn Fighter)      Turns: 1966, Time: 00:06:50

Health: -6/36      AC: 11    Str: 22    XL:     4   Next: 62%
Magic:  4/4        EV:  3    Int:  9    God:
Gold:   136        SH:  9    Dex: 13    Spells: 3/3 levels left

rFire    . . .     SeeInvis .   a - +1 war axe
rCold    . . .     Gourm    .   c - +0 shield
rNeg     . . .     Faith    .   h - +0 plate armour (curse)
rPois    .         Spirit   .   (no helmet)
rElec    .         Reflect  .   b - scarf {cloud immunity}
rCorr    +         Harm     .   (no gloves)
MR       .....                  (no boots)
Stlth    ..........             (no amulet)
HPRegen  0.12/turn              e - ring of resist corrosion
MPRegen  0.09/turn              (no ring)

@: mighty
A: powered by death 1
a: no special abilities


You were on level 3 of the Dungeon.
You were not hungry.

You visited 1 branch of the dungeon, and saw 3 of its levels.

You collected 136 gold pieces.

Inventory:

Hand Weapons
 a - a +1 war axe (weapon)
Armour
 b - a scarf of cloud immunity (worn)
 c - a +0 shield (worn)
 h - a cursed +0 plate armour (worn)
Jewellery
 e - a ring of resist corrosion (left hand)
 j - an uncursed ring of protection from magic {unknown}
 k - a cursed ring of loudness {unknown}
Scrolls
 g - a scroll of blinking
Comestibles
 f - a bread ration


   Skills:
 + Level 3.6 Fighting
 * Level 4.0 Axes
 - Level 2.6 Armour
 - Level 2.6 Shields


You had 3 spell levels left.
You didn't know any spells.

Dungeon Overview and Level Annotations

Branches:
Dungeon (3/15)

Altars:
Cheibriados
Fedhas


Innate Abilities, Weirdness & Mutations

You regenerate a little health from kills.


Message History

You slash the adder!
You kill the adder!
You feel sick. The orc barely misses you. You block the orc's attack.
You hit the orc priest.
The orc priest is lightly wounded.
The orc priest hits you but does no damage.
You block the orc's attack.
You slice the orc priest!!
You kill the orc priest!
Your Axes skill increases to level 4!
The orc hits you from afar with a trident.
* * * LOW HITPOINT WARNING * * *
You slash the orc!
You kill the orc!
You feel sick.
You are no longer poisoned.
The orc hits you but does no damage.
The orc priest invokes the aid of Beogh against you.
Beogh smites you!
You die...

#....#(((...#
........#...## .......
.............### .......
...............####.......
.......####.......#o..o...
####.### ###..##..o......
...# ##.### ....... ...##
#...##....... ...
##.@)oo...... ..
#.##.†.$.... #.##..<.....
#..#.#...... ##....#.....
#... ...## .#.. ### #. .#


You could see an orc priest and an orc.

Vanquished Creatures
  An orc priest (D:3)
  2 adders (D:3)
  A dart slug (D:1)
  A worm (D:3)
  2 leopard geckos (D:3)
  4 orcs (D:3)
  7 bats
  7 goblins
  5 hobgoblins
  4 jackals
  5 kobolds
  8 frilled lizards
  6 rats
53 creatures vanquished.

Notes
Turn   | Place    | Note
-------+----------+-------------------------------------------
     0 | D:1      | Deathtrap2010 the Demonspawn Fighter began the quest for the Orb.
     0 | D:1      | Reached XP level 1. HP: 18/18 MP: 1/1
     7 | D:1      | Reached skill level 2 in Axes
   140 | D:1      | Gained mutation: You regenerate a little health from kills. [demonic ancestry]
   140 | D:1      | Reached XP level 2. HP: 21/24 MP: 2/2
   673 | D:2      | Found a faded altar of an unknown god.
   912 | D:2      | Reached XP level 3. HP: 29/29 MP: 3/3
   972 | D:2      | Found a blossoming altar of Fedhas.
   972 | D:2      | Found a snail-covered altar of Cheibriados.
  1485 | D:3      | Reached skill level 3 in Axes
  1955 | D:3      | Reached XP level 4. HP: 26/35 MP: 4/4
  1965 | D:3      | Reached skill level 4 in Axes
  1966 | D:3      | Killed from afar by an orc priest

Vault maps used:
D:1:      tarquinn_simple_flora_water_e
D:2:      nicolae_overflow_hidden_temple, chequers_ecumenical_altar_island

Skill      XL: |  1  2  3  4 |
---------------+-------------+-----
Axes           | 2 3 4 |  4.0
Fighting       | |  3.6
Armour         | |  2.6
Shields        | |  2.6

Action                   |  1- 3 |  4- 6 || total
-------------------------+-------+-------++-------
Melee: War axe           |   143 |     9 ||   152
  Use: Scroll            |     8 |       ||     8
       Potion            |     4 |     1 ||     5
  Eat: Bread ration      |     1 |       ||     1
Armor: Scale mail        |    28 |       ||    28
       Plate armour      |   133 |    15 ||   148
Dodge: Dodged            |    34 |     2 ||    36
Block: Shield            |    93 |     9 ||   102

Table legend:
 A = Spawn XP
 B = Non-spawn XP
 C = Spawn XP percentage of total XP
 D = Spawn monster count
 E = Non-spawn monster count
 F = Spawn count percentage of total count
 G = Total turns spent on level
                    A         B        C        D         E        F      G
               +---------+---------+-------+---------+---------+-------+---------
         Total |       0 |     159 |   0.0 |       0 |      53 |   0.0 |  1966
               +---------+---------+-------+---------+---------+-------+---------
           D:1 |       0 |      33 |   0.0 |       0 |      20 |   0.0 |   651
           D:2 |       0 |      14 |   0.0 |       0 |      10 |   0.0 |   817
           D:3 |       0 |     112 |   0.0 |       0 |      23 |   0.0 |   498
               +---------+---------+-------+---------+---------+-------+---------
